 Dungeon Crawl Stone Soup version 0.29-a0-866-g0545e20025 (webtiles) character file.

Game seed: 11756277997755483774

36 Malachi the Sneak (level 3, -1/28 HPs)
             Began as a Djinni Brigand on July 17, 2022.
             Slain by an adder (2 damage)
             ... on level 2 of the Dungeon.
             The game lasted 00:01:35 (1588 turns).

Malachi the Sneak (Djinni Brigand)                  Turns: 1588, Time: 00:01:35

Health: -1/28      AC:  3    Str: 10    XL:     3   Next: 57%
Gold:   98         EV: 12    Int: 14    God:
                   SH:  5    Dex: 14

rFire   + + .      SeeInvis .   a - +2 dagger
rCold   x . .      Faith    .   (no shield)
rNeg    . . .      Spirit   .   b - +0 robe
rPois   ∞          Reflect  +   (no helmet)
rElec   .          Harm     .   c - +0 cloak
rCorr   .          Rampage  .   (no gloves)
Will    .....                   (boots unavailable)
Stlth   ++........              k - amulet of reflection
HPRegen 0.09/turn               (no ring)
MPRegen 0.00/turn               (no ring)

@: flying
A: sickness immunity, fire resistance 2, cold vulnerability 1, float, innate
caster, HP casting, extra vitality 1
a: no special abilities


You were on level 2 of the Dungeon.
You visited 1 branch of the dungeon, and saw 2 of its levels.

You collected 98 gold pieces.

Inventory:

Hand Weapons
 a - a +2 dagger (weapon)
Missiles
 d - 8 poisoned darts (quivered)
 e - 3 curare-tipped darts
Armour
 b - a +0 robe (worn)
 c - a +0 cloak (worn)
Jewellery
 k - an amulet of reflection (around neck)
 m - a +4 ring of evasion
Scrolls
 f - a scroll of identify {unknown}
 g - a scroll of fear {unknown}
 h - a scroll of vulnerability {unknown}
 i - a scroll of teleportation {unknown}
 l - a scroll of noise {unknown}
Potions
 j - a potion of attraction {unknown}


   Skills:
 - Level 2.0 Fighting
 * Level 3.1 Short Blades
 - Level 1.6 Throwing
 - Level 1.2 Dodging
 - Level 3.3 Stealth


You had one spell level left.
You knew the following spells:

 Your Spells              Type           Power      Damage    Failure   Level
a - Slow                  Hex            0%         N/A       28%         1
Your spell library was empty.

Dungeon Overview and Level Annotations

Branches:
Dungeon (2/15)

Altars:


Innate Abilities, Weirdness & Mutations

You are immune to sickness and miasma.
You are immune to poison.
Your flesh is very heat resistant. (rF++)
You are vulnerable to cold. (rC-)
You float through the air rather than walking.
You learn spells naturally, not from books.
Your magical power is your life essence.
You have superior vitality. (+4 MHP)


Message History

Throw: 11 darts (poison)
Press: ? - help, Q - select action, (/) - cycle Shift-Dir - straight line, f/p - adder
Aim: an adder (moderately wounded, 40% to hit)
You throw a poisoned dart. The poisoned dart hits the adder.
The adder is poisoned.
The adder is moderately wounded.
The bat barely misses you. You block the adder's attack. The rat bites you.
* * * LOW HITPOINT WARNING * * *
Throw: 10 darts (poison)
Press: ? - help, Q - select action, (/) - cycle Shift-Dir - straight line, f/p - adder
Aim: an adder (moderately wounded, poisoned, 40% to hit)
You throw a poisoned dart. The poisoned dart hits the adder.
The adder is moderately wounded.
The adder misses you. The rat bites you but does no damage.
Unknown command.
You are too injured to fight recklessly!
You are too injured to fight recklessly!
You are too injured to fight recklessly!
You are too injured to fight recklessly!
Throw: 9 darts (poison)
Press: ? - help, Q - select action, (/) - cycle Shift-Dir - straight line, f/p - adder
Aim: an adder (heavily wounded, poisoned, 40% to hit)
You throw a poisoned dart.
The poisoned dart barely misses the adder.
The bat hits you but does no damage. The adder barely misses you. x2
The rat barely misses you. The rat attacks as you move away!
The rat barely misses you. The bat hits you but does no damage.
The adder attacks as you move away! The adder barely misses you.
The bat closely misses you. You block the bat's attack.
The bat attacks as you move away! You block the bat's attack. The bat hits you.
* * * LOW HITPOINT WARNING * * *
The adder bites you.
* * * LOW HITPOINT WARNING * * *
The bat hits you but does no damage. The bat attacks as you move away!
You block the bat's attack.
The adder looks more healthy.
The bat barely misses you. The adder attacks as you move away!
The adder bites you.
You die...

### #.. ..#
#.#######.#
#.##...##.# ###
#.##.#.##.### ##.#
#)##........###.#.
###.##...##.#....###
##..)##...##.#####.#.
#..#@#.....#.# ##..
#..bS.......... ###
#..#r#..#......# #
##...##...#.##.# #
#.#...........# #
#..#.#...#..#.
#...(#...#...
#.#.#.._..#.# #...
......#


You could see an adder, a bat and a rat.

Vanquished Creatures
  A dart slug (D:1)
  An orc (D:2)
  3 bats (D:1)
  4 endoplasms (D:1)
  2 giant cockroaches
  4 goblins
  4 hobgoblins
  2 quokkas
  3 frilled lizards
  3 kobolds
  2 rats (D:2)
29 creatures vanquished.

Notes
Turn   | Place    | Note
-------+----------+-------------------------------------------
     0 | D:1      | Malachi the Djinni Brigand began the quest for the Orb.
     0 | D:1      | Reached XP level 1. HP: 18/18 MP: 0/0
     8 | D:1      | Noticed an electric eel
    11 | D:1      | Noticed an electric eel
   278 | D:1      | Reached XP level 2. HP: 23/23 MP: 0/0
   816 | D:1      | Reached XP level 3. HP: 28/28 MP: 0/0
   816 | D:1      | Learned a level 1 spell: Slow
  1556 | D:2      | Found a faded altar of an unknown god.
  1586 | D:2      | HP: 1/28 [adder (3)]
  1588 | D:2      | Slain by an adder

Illustrated notes

Levels and vault maps discovered:
D:1:      arrival_aquarium_b, layout_loops_ring
D:2:      layout_loops_corners, hellmonk_ecumenical_altar_blasted,
          minmay_ruptured

Skill      XL: |  1  2  3 |
---------------+----------+-----
Short Blades   | 2 3 |  3.1
Fighting       | |  2.0
Throwing       | |  1.6
Dodging        | |  1.2
Stealth        | |  3.3

Action                   || total
-------------------------++-------
Melee: Dagger            ||   100
Throw: Dart              ||     5
 Stab: Sleeping          ||     7
Armor: Robe              ||    32
Dodge: Dodged            ||    75
Block: Other             ||    19
       Reflection        ||     2

Table legend: (Time is in decaauts)
 A = Elapsed time spent in this place.
 B = Non-inter-level travel time spent in this place.
 C = Inter-level travel time spent in this place.
 D = Time resting spent in this place.
 E = Time spent auto-exploring this place.
 F = Levels seen in this place.
 G = Mean time per level.
                   A        B        C        D        E       F      G
               +--------+--------+--------+--------+--------+-----+--------+
         Total |   1575 |   1562 |     13 |      0 |   1301 |   2 |  787.5 |
       Dungeon |   1575 |   1562 |     13 |      0 |   1301 |   2 |  787.5 |
               +--------+--------+--------+--------+--------+-----+--------+

Top non-repeatable levels by time:
     D:1: 992 daAuts
     D:2: 582 daAuts
